AoeStats
← MadCat

Arabia

509427512Analyzed
2v2 RM · 5d ago on Sep 26, 2026· 37m 21s· 4 players
Game mode
Random Map
Map size
Medium (4 player)
Population
200
Speed
Normal
Resources
Standard
Victory
Conquest
Starting age
Dark Age
Ending age
Imperial Age
RankedLock teamsTeams togetherTeam positionsShared explorationLock speedFull tech treeHidden civsTurbo modeCheats
Victory
Defeat
🇹🇷 Ethiopians · Türkiye
1066
+15
🇩🇪 Teutons · Germany
1000
+51
🇩🇪 Ethiopians · Germany
1047
-16
🇩🇪 Lithuanians · Germany
1024
-16
MadCat
7:14 Loom
9:31 Feudal Age
10:21 Double-Bit Axe
14:08 Bloodlines
19:30 Castle Age
17:44 Horse Collar
21:05 Bow Saw
24:44 Scale Barding Armor
29:20 Fletching
32:34 Hill Forts
schnage
7:49 Loom
10:07 Feudal Age
12:31 Double-Bit Axe
15:34 Fletching
20:41 Castle Age
21:05 Crossbowman
24:58 Ballistics
24:34 Murder Holes
26:21 Horse Collar
26:54 Bow Saw
27:56 Wheelbarrow
27:07 Town Watch
27:57 Heavy Plow
28:58 Bodkin Arrow
29:04 Padded Archer Armor
29:24 Squires
31:51 Thumb Ring
32:35 Leather Archer Armor
35:12 Hand Cart
38:44 Imperial Age
36:12 Elite Skirmisher
Dracarys
7:03 Loom
9:36 Feudal Age
10:07 Double-Bit Axe
18:25 Castle Age
18:45 Fletching
18:53 Crossbowman
19:39 Thumb Ring
27:10 Wheelbarrow
26:28 Gold Mining
26:21 Horse Collar
28:09 Hand Cart
29:31 Bow Saw
29:17 Town Watch
30:31 Bodkin Arrow
31:13 Fervor
34:48 Imperial Age
32:50 Town Patrol
33:57 Padded Archer Armor
34:39 Gold Shaft Mining
33:55 Stone Mining
35:42 Ballistics
35:35 Arbalester
37:26 Chemistry
36:32 Siege Engineers
The Joker
7:45 Loom
11:00 Feudal Age
34:07 Bloodlines
34:25 Fletching
34:45 Scale Barding Armor
38:06 Castle Age
37:37 Wheelbarrow
36:49 Horse Collar
37:36 Stone Mining
Connection lost

Rejoining the realm…

Still unreachable

The connection could not be restored.

Session expired

The server has moved on; the page needs a fresh start.